 Dungeon Crawl Stone Soup version 0.31-a0-654-gbe3e110b4e (webtiles) character file.

Game seed: 7579525555063076347

310 wvc the Cutter (level 6, -2/56 HPs)
             Began as a Naga Berserker on Aug 29, 2023.
             Was a Priest of Trog.
             Splashed by a jelly's acid (9 damage)
             ... on level 4 of the Dungeon.
             The game lasted 00:08:34 (3548 turns).

wvc the Cutter (Naga Berserker)                     Turns: 3548, Time: 00:08:35

Health: -2/56      AC: -7    Str: 25    XL:     6   Next: 41%
Magic:  6/6        EV:  9    Int:  9    God:    Trog [***...]
Gold:   152        SH:  5    Dex: 11    Spells: 5/5 levels left

rFire   . . .        d - +3 short sword (elec)
rCold   . . .        (no shield)
rNeg    . . .        b - +0 animal skin
rPois   +            j - +0 helmet
rElec   .            (no cloak)
rCorr   .            (no gloves)
SInv    +            (no barding)
Will    .....        t - amulet of reflection
Stlth   +            i - +6 ring of strength
HPRegen 0.29/turn    (no ring)
MPRegen 0.10/turn

%: reflection
@: corroded, very slow
A: AC +2, large, see invisible, deformed body, poison resistance, slowness 2,
spit poison 1, naga tail 1
a: Spit Poison, Renounce Religion, Berserk, Trog's Hand


You were on level 4 of the Dungeon.
You worshipped Trog.
Trog was most pleased with you.
You visited 1 branch of the dungeon, and saw 4 of its levels.

You collected 152 gold pieces.

Inventory:

Hand Weapons
 a - a +0 spear
 d - a +3 short sword of electrocution (weapon)
 m - a +2 dagger of venom
 n - a +2 short sword of venom
Missiles
 f - 2 atropa-tipped darts
Armour
 b - a +0 animal skin (worn)
 j - a +0 helmet (worn)
Jewellery
 i - a +6 ring of strength (left hand)
 l - a ring of magical power
 t - an amulet of reflection (around neck)
Wands
 g - a wand of flame (11)
 r - a wand of paralysis (8)
Scrolls
 e - 2 scrolls of immolation
 q - 3 scrolls of teleportation
Potions
 h - a potion of berserk rage {unknown}
 k - a potion of mutation {unknown}
 o - a potion of lignification {unknown}
 p - a potion of brilliance {unknown}
 s - 2 potions of resistance {unknown}
 u - a potion of attraction {unknown}


   Skills:
 - Level 3.0 Fighting
 + Level 5.9 Short Blades
 - Level 3.4 Polearms
 - Level 1.5 Armour
 - Level 1.5 Dodging


You had 5 spell levels left.
You didn't know any spells.
Your spell library contained the following spells:

 Spells                   Type           Power      Damage    Failure   Level
 Magic Dart               Conj           0%         1d3       38%         1
 Sandblast                Erth           0%         2d4       38%         1
 Passwall                 Tmut/Erth      0%         N/A       52%         2
 Searing Ray              Conj           0%         2d4       52%         2
 Wereblood                Tmut           0%         N/A       52%         2
 Gell's Gravitas          Tloc           0%         N/A       77%         3
 Stone Arrow              Conj/Erth      0%         3d7       77%         3
 Teleport Other           Tloc           0%         N/A       77%         3
 Fulminant Prism          Conj/Hex       0%         3d5       99%         4
 Irradiate                Conj/Tmut      0%         3d11      100%        5
 Dispersal                Tloc           0%         N/A       100%        6


Dungeon Overview and Level Annotations

Branches:
Dungeon (4/15)
 Temple: D:4-7

Altars:
Kikubaaqudgha
Uskayaw
Vehumet


Innate Abilities, Weirdness & Mutations

Your serpentine skin is tough. (AC +2)
You have supernaturally acute eyesight. (SInv)
Armour fits poorly on your strangely shaped body.
Your system is resistant to poisons. (rPois)
You cover ground very slowly.
You can spit poison.
You have a snake-like lower body.


Message History

There is a stone staircase leading up here.
u - a lumpy red potion A jelly comes into view.
You now have 152 gold pieces (gained 14).
There are no items here.
The jelly quivers.
The jelly hits you. The acid corrodes you!
You are splashed with acid!
You hit the jelly. The acid corrodes you!
Your hands burn!
The jelly is lightly wounded.
You hit the jelly but do no damage.
Your hands burn!
The jelly is lightly wounded.
The jelly barely misses you.
You hit the jelly but do no damage.
Your hands burn!
The jelly is lightly wounded.
The jelly hits you.
You are splashed with acid.
You are too injured to fight recklessly!
You are too injured to fight recklessly!
You hit the jelly.
Your hands burn!
The jelly is moderately wounded.
You hit the jelly but do no damage.
Your hands burn!
The jelly is moderately wounded.
The jelly hits you.
You are splashed with acid!
* * * LOW HITPOINT WARNING * * *
You barely miss the jelly.
The jelly is moderately wounded.
The jelly closely misses you.
Okay, then.
Aiming: Throw Flame
Press: ? - help, Shift-Dir - straight line
Okay, then.
You completely miss the jelly.
The jelly is moderately wounded.
The jelly hits you.
* * * LOW HITPOINT WARNING * * *
The acid corrodes you!
You are splashed with acid!
* * * LOW HITPOINT WARNING * * *
You feel better. The jelly hits you.
* * * LOW HITPOINT WARNING * * *
You are splashed with acid!
You die...

#.#...............#
####.#..###.#.###.####
#......<.)....###.###
......#..##..........#
...##.#..##..#..##.#.#
#. # #......#..##.#.#
# ##........##.#.#
#.##........##.#.#
#.J@........##.#.#
#.##.............#
#.##.....[.###.### #
#.##.......# #.>.# #.
#.##.......# ###.#
#.##.##.####### #.#
#.......# #<#
####.###### #.#
#.........# #######.#


You could see a jelly.

Vanquished Creatures
  Blork the orc (D:4)
  A scorpion (D:4)
  A hound (D:4)
  4 gnolls
  3 adders
  2 ufetubi (D:4)
  A worm (D:2)
  2 dart slugs
  4 endoplasms
  2 giant cockroaches
  14 hobgoblins
  3 quokkas
  8 ball pythons
  9 bats
  3 frilled lizards
  9 goblins
  7 kobolds
  5 rats
79 creatures vanquished.

Notes
Turn   | Place    | Note
-------+----------+-------------------------------------------
     0 | D:1      | wvc the Naga Berserker began the quest for the Orb.
     0 | D:1      | Reached XP level 1. HP: 21/21 MP: 1/1
   112 | D:1      | Found a faded altar of an unknown god.
   230 | D:1      | You fall into a shaft and drop 1 floor!
   256 | D:2      | Reached XP level 2. HP: 27/28 MP: 2/2
   285 | D:2      | Reached skill level 1 in Short Blades
   432 | D:1      | Reached XP level 3. HP: 10/34 MP: 3/3
   434 | D:1      | Reached skill level 2 in Short Blades
   722 | D:1      | Reached ** piety under Trog
  1435 | D:2      | Reached skill level 3 in Short Blades
  1446 | D:2      | Reached XP level 4. HP: 41/42 MP: 4/4
  2072 | D:3      | Reached skill level 4 in Short Blades
  2193 | D:3      | Reached XP level 5. HP: 48/49 MP: 5/5
  2693 | D:3      | Found an ancient bone altar of Kikubaaqudgha.
  2724 | D:3      | Found a radiant altar of Vehumet.
  3195 | D:4      | Reached skill level 5 in Short Blades
  3195 | D:4      | Reached XP level 6. HP: 54/56 MP: 6/6
  3232 | D:4      | Noticed a +0 hand axe
  3232 | D:4      | Noticed a +0 dagger
  3234 | D:4      | Found a hide-covered altar of Uskayaw.
  3276 | D:4      | Noticed Blork the orc
  3298 | D:4      | Killed Blork the orc
  3300 | D:4      | HP: 4/84 [poisoned by Blork the orc]
  3474 | D:4      | Reached *** piety under Trog
  3548 | D:4      | Splashed by a jelly's acid

Illustrated notes

Levels and vault maps discovered:
D:1:      scummos_arrival_forest, layout_basic,
          hellmonk_ecumenical_altar_pennies_from_heaven, minmay_vboxes
D:2:      layout_loops_ring, dreamdust_princess_bridge, minmay_goblin_outpost
D:3:      layout_loops_cross, mainiacjoe_overflow_two_lobes, grunt_ministairs_8
D:4:      layout_loops_cross, nicolae_gozag_cash_rules_everything_around_me,
          dancing_weapons_uskayaw, gammafunk_temple_overflow_pools,
          minmay_misc_feat_four_crosses, uniq_eustachio, uniq_blork_the_orc,
          uniq_natasha

Skill      XL: |  1  2  3  4  5 |
---------------+----------------+-----
Short Blades   | 1 3 4 5 |  5.9
Fighting       | |  3.0
Polearms       | |  3.4
Armour         | |  1.5
Dodging        | |  1.5

Action                     |  1- 3 |  4- 6 || total
---------------------------+-------+-------++-------
  Melee: Spear             |    19 |       ||    19
         Short sword       |    99 |   141 ||   240
         Punch             |     2 |       ||     2
 Invoke: Berserk           |       |     2 ||     2
Ability: Spit Poison       |     4 |     7 ||    11
    Use: Scroll            |       |     8 ||     8
         Potion            |       |     2 ||     2
   Stab: Sleeping          |     2 |     2 ||     4
 Armour: Animal skin       |    44 |    41 ||    85
  Dodge: Dodged            |    52 |    76 ||   128
  Block: Other             |       |    10 ||    10

Table legend: (Time is in decaauts)
 A = Elapsed time spent in this place.
 B = Non-inter-level travel time spent in this place.
 C = Inter-level travel time spent in this place.
 D = Time resting spent in this place.
 E = Time spent auto-exploring this place.
 F = Levels seen in this place.
 G = Mean time per level.
                   A        B        C        D        E       F      G
               +--------+--------+--------+--------+--------+-----+--------+
         Total |   4416 |   4271 |    145 |    409 |   3144 |   4 | 1104.0 |
       Dungeon |   4416 |   4271 |    145 |    409 |   3144 |   4 | 1104.0 |
               +--------+--------+--------+--------+--------+-----+--------+

Top non-repeatable levels by time:
     D:2: 1311 daAuts
     D:1: 1266 daAuts
     D:3: 1237 daAuts
     D:4: 600 daAuts
